 Dungeon Crawl Stone Soup version 0.15-a0-335-g04a2ae6 (webtiles) character file.

72 4tharraofdagon the Firebug (level 3, -2/19 HPs)
             Began as a Deep Elf Fire Elementalist on May 1, 2014.
             Killed from afar by an orc wizard (8 damage)
             ... with a magic dart
             ... on Level 4 of the Dungeon.
             The game lasted 00:02:32 (426 turns).

4tharraofdagon the Firebug (DEFE)                    Turns: 426, Time: 00:02:33

HP  -2/19        AC  3     Str  5      XL: 3   Next: 73%
MP   9/11        EV 16     Int 20      God:
Gold 15          SH  0     Dex 15      Spells:  2 memorised,  5 levels left

rFire  . . .     SeeInvis .     (no weapon)
rCold  . . .     Clarity  +     a - +0 robe
rNeg   . . .     Conserve .     (no shield)
rPois  .         rCorr    .     g - +1 hat
rElec  .         rRot     .     (no cloak)
SustAb . .       Spirit   .     (no gloves)
rMut   .         Warding  .     (no boots)
Saprov . . .     Stasis   .     f - amulet of clarity
MR     .....                    k - ring of flight
                                h - +3 ring of evasion

@: not resistant to hostile enchantments, unstealthy
A: no striking features
a: Evoke Flight


You were on level 4 of the Dungeon.
You were not hungry.

You visited 1 branch of the dungeon, and saw 4 of its levels.

You collected 15 gold pieces.

Inventory:

Armour
 a - a +0 robe (worn)
 g - a +1 hat (worn)
Comestibles
 c - 2 bread rations
Scrolls
 d - a scroll of enchant armour {unknown}
 e - 3 scrolls of enchant weapon I {unknown}
 i - a scroll of amnesia {unknown}
 j - a scroll of fog {unknown}
 m - a scroll of teleportation {unknown}
Jewellery
 f - an amulet of clarity (around neck)
 h - a +3 ring of evasion (left hand)
 k - a ring of flight (right hand)
Potions
 l - a potion of mutation {unknown}
 n - a potion of might {unknown}
Books
 b - a book of Flames

   Spells                             Type                      Level
   *Flame Tongue                      Conjuration/Fire             1
   Throw Flame                        Conjuration/Fire             2
   *Conjure Flame                     Conjuration/Fire             3
   Inner Flame                        Hexes/Fire                   3
   Sticky Flame                       Conjuration/Fire             4
   Fireball                           Conjuration/Fire             5


   Skills:
 - Level 2.4 Dodging
 - Level 2.4 Stealth
 + Level 3.5 Spellcasting
 * Level 2.9 Conjurations
 * Level 4.0 Fire Magic


You had 5 spell levels left.
You knew the following spells:

 Your Spells              Type           Power        Failure   Level  Hunger
a - Flame Tongue          Conj/Fire      ###..        3%          1    None
b - Conjure Flame         Conj/Fire      ###.....     12%         3    ###....


Dungeon Overview and Level Annotations

Branches:
Dungeon (4/15)
 Temple: D:4-7

Altars:


Message History

Aim: a rat The flame tongue misses the rat.
The rat bites you but does no damage.
Casting: Flame Tongue
Confirm with . or Enter, or press ? or * to list all spells.
Aiming: Flame Tongue
Press: ? - help, Shift-Dir - straight line, f/p - rat
Aim: a rat The flame tongue hits the rat.
You kill the rat!
You see here a rat corpse.
There is an escape hatch in the floor here.
You slide downwards.
The hatch slams shut behind you.
Unknown command.
The orc shouts!
The orc shouts!
The orc wizard points at you and mumbles some strange words.
The puff of flame hits you!
The orc wizard points at you and mumbles some strange words.
The magic dart hits you!
You die...

#...#.......#.
########.....%..##..
##.##.##.............
#....%...........##..
##.............<.##..
#####................#.
##..#####wo............#
#....####.o...o.......##
##.%#%##...#.......(....
##.#...@#............... .
#...#...........$...#...
.....###.####.#..............
...............$............
.......o..................
........<...............
...........(...........
.............[........
...o..............
...............


You could see a worm, an orc wizard and 2 orcs.

Vanquished Creatures
  A hound (D:4)
  An adder (D:2)
  2 giant geckos
  An ooze (D:3)
  3 orcs (D:3)
  A ball python (D:2)
  A giant cockroach (D:2)
  A goblin (D:4)
  2 hobgoblins
  2 bats
  3 rats
18 creatures vanquished.

Notes
Turn   | Place    | Note
--------------------------------------------------------------
     0 | D:1      | 4tharraofdagon, the Deep Elf Fire Elementalist, began the quest for the Orb.
     0 | D:1      | Reached XP level 1. HP: 10/10 MP: 5/5
    88 | D:2      | Reached XP level 2. HP: 12/15 MP: 1/8
   338 | D:4      | Reached XP level 3. HP: 17/19 MP: 8/11
   343 | D:4      | Learned a level 3 spell: Conjure Flame
   369 | D:4      | Reached skill level 4 in Fire Magic
   426 | D:4      | Killed from afar by an orc wizard

Action                   || total
-------------------------++-------
Melee: Unarmed           ||     4
 Cast: Flame Tongue      ||    37
  Use: Potion            ||     2
